 Dungeon Crawl Stone Soup version 0.27-a0-1196-g3e9cee4cb2 (webtiles) character file.

Game seed: 12492074373738661108

53 Froggeryz the Caller (level 3, -2/24 HPs)
             Began as a Mummy Summoner on May 28, 2021.
             Slain by a hound (4 damage)
             ... on level 3 of the Dungeon.
             The game lasted 00:06:15 (4285 turns).

Froggeryz the Caller (Mummy Summoner)               Turns: 4285, Time: 00:06:16

Health: -2/24      AC:  2    Str: 11    XL:     3   Next: 64%
Magic:  1/7        EV: 12    Int: 15    God:
Gold:   83         SH:  0    Dex: 12    Spells: 4/7 levels left

rFire    x . .     SeeInvis .   (no weapon)
rCold    + . .     Faith    .   (no shield)
rNeg     + + +     Spirit   .   a - +0 robe
rPois    ∞         Reflect  .   (no helmet)
rElec    .         Harm     .   (no cloak)
rCorr    .         Rampage  .   (no gloves)
Will     .....                  (no boots)
Stlth    ++........             (no amulet)
HPRegen  0.08/turn              (no ring)
MPRegen  0.10/turn              (no ring)

@: about to teleport, weak-willed
A: cold resistance 1, negative energy resistance 3, torment resistance 2, heat
vulnerability 1, no potions
a: no special abilities


You were on level 3 of the Dungeon.
You visited 1 branch of the dungeon, and saw 4 of its levels.

You collected 83 gold pieces.

Inventory:

Armour
 a - a +0 robe (worn)
 g - a +0 kite shield
Jewellery
 i - a ring of fire
Scrolls
 c - a scroll of enchant weapon
 d - 2 scrolls of identify
 f - a scroll of fog
 h - a scroll of teleportation
 j - a scroll of magic mapping {unknown}
 k - a scroll of amnesia {unknown}


   Skills:
 - Level 1.5 Dodging
 - Level 1.5 Stealth
 + Level 0.6 Shields
 - Level 2.6 Spellcasting
 * Level 4.3 Summonings


You had 4 spell levels left.
You knew the following spells:

 Your Spells              Type           Power      Damage    Failure   Level
a - Summon Small Mammal   Summ           60%        N/A       3%          1
b - Call Imp              Summ           15%        N/A       5%          2

Your spell library contained the following spells:

 Spells                   Type           Power      Damage    Failure   Level
 Call Canine Familiar     Summ           15%        N/A       11%         3
 Animate Skeleton         Necr           4%         N/A       21%         1
 Pain                     Necr           8%         1d4       21%         1
 Summon Guardian Golem    Hex/Summ       8%         N/A       26%         3
 Vampiric Draining        Necr           1%         2d6       52%         3
 Summon Ice Beast         Ice/Summ       8%         N/A       63%         4
 Summon Lightning Spire   Summ/Air       8%         N/A       63%         4
 Animate Dead             Necr           1%         N/A       90%         4
 Agony                    Necr           2%         N/A       99%         5


Dungeon Overview and Level Annotations

Branches:
Dungeon (4/15)
 Temple: D:4-7

Altars:
Gozag
Kikubaaqudgha
Yredelemnul
Zin

Shops:
D:2 [

Annotations:
D:4 Sigmund


Innate Abilities, Weirdness & Mutations

You are immune to poison.
Your flesh is cold resistant. (rC+)
You are immune to negative energy. (rN+++)
You are immune to unholy pain and torment.
You are vulnerable to heat. (rF-)
You do not drink.


Message History

The hound barely misses you.
Casting: Summon Small Mammal (safe; 3% risk of failure)
Confirm with . or Enter, or press ? or * to list all spells.
The hound misses you.
Your rat closely misses the hound.
The hound completely misses you.
You closely miss the hound.
The hound is moderately wounded.
The hound bites you.
Your quokka barely misses the hound.
Your rat barely misses the hound.
You hit the hound but do no damage.
The hound is moderately wounded.
The hound bites you.
* * * LOW HITPOINT WARNING * * *
Your quokka barely misses the hound.
The hound barely misses you.
Your rat closely misses the hound.
As you read the scroll labelled ZUZOOR CONYCK, it crumbles to dust.
It is a scroll of identify.
c - a scroll of enchant weapon The hound bites you.
* * * LOW HITPOINT WARNING * * *
Your quokka bites the hound.
Your rat closely misses the hound.
As you read the scroll labelled XINLEY NOWUOW, it crumbles to dust.
Magic quickly surges around you.
It was a scroll of vulnerability.
The hound closely misses you.
Your quokka bites the hound.
The hound barely misses you.
Your rat bites the hound but does no damage.
As you read the scroll labelled NIWACE HASCHUO, it crumbles to dust.
It is a scroll of brand weapon.
You aren't carrying any weapons that can be branded.
Your quokka misses the hound. The hound misses you.
Your rat bites the hound.
Your quokka closely misses the hound.
As you read the scroll labelled GISUOPTYRENK, it crumbles to dust.
You feel strangely unstable.
It was a scroll of teleportation.
The hound barely misses you. x2
Your quokka completely misses the hound.
Your rat bites the hound but does no damage.
The hound barely misses you.
Your quokka closely misses the hound.
Your rat bites the hound but does no damage.
The hound bites you.
You die...

....#.......######.#.............
.................................
....##......######....#####..#...
..##.............§...§>.....#####
#....#.......#......§§.(#####
#..###......######r.§§§§#
##...#......# #.r..§§§§#
##.#.######.# #h#...§§§#
...#.....##.####@####.§##
.####............#....##
.###...............####
###..............### #
#..............# #
#..............# #.<............#
#..............# ##............##


You could see a hound (weak-willed, ally target), a friendly quokka (summoned,
weak-willed) and a friendly rat (summoned, weak-willed).

Vanquished Creatures
  A hobgoblin (D:1)
  A jackal (D:3)
  A goblin (D:1)
  A rat (D:2)
4 creatures vanquished.

Vanquished Creatures (collateral kills)
  2 adders (D:2)
  A worm (D:3)
  A dart slug (D:1)
  4 ball pythons
  7 bats
  8 endoplasms
  2 giant cockroaches
  4 goblins
  6 hobgoblins
  5 jackals
  4 quokkas
  5 frilled lizards
  3 kobolds
  6 rats
58 creatures vanquished.

Vanquished Creatures (others)
  3 fungi (D:1)
3 creatures vanquished.

Grand Total: 65 creatures vanquished

Notes
Turn   | Place    | Note
-------+----------+-------------------------------------------
     0 | D:1      | Froggeryz the Mummy Summoner began the quest for the Orb.
     0 | D:1      | Reached XP level 1. HP: 13/13 MP: 4/4
   537 | D:1      | Reached XP level 2. HP: 16/19 MP: 0/5
   751 | D:1      | Found a faded altar of an unknown god.
  1706 | D:2      | Reached skill level 4 in Summonings
  1894 | D:2      | Learned a level 2 spell: Call Imp
  1981 | D:2      | Reached XP level 3. HP: 4/24 MP: 0/7
  2971 | D:2      | Found Irainlehuvu's Antique Armour Boutique.
  3162 | D:2      | HP: 1/24 [jackal (1)]
  3780 | D:3      | Found a basalt altar of Yredelemnul.
  3862 | D:3      | Found an opulent altar of Gozag.
  3946 | D:3      | Found an ancient bone altar of Kikubaaqudgha.
  4102 | D:4      | Noticed Sigmund
  4285 | D:3      | Slain by a hound

Illustrated notes

Levels and vault maps discovered:
D:1:      tarquinn_simple_flora_water_b, layout_loops_ring,
          shapermc_ecumenical_altar_gd
D:2:      layout_basic, serial_shops, nicolae_shop_statue_plus
D:3:      layout_rooms, grunt_temple_overflow_open, lemuel_doored_altar,
          nicolae_overflow_crystal_walls
D:4:      layout_loops_ring, amcnicky_altar_gilded, general_overflow_altar,
          serial_shops, shop, uniq_sigmund, uniq_pikel, uniq_crazy_yiuf_cottage

Skill      XL: |  1  2 |
---------------+-------+-----
Summonings     | 4 |  4.3
Dodging        | |  1.5
Stealth        | |  1.5
Shields        | |  0.6
Spellcasting   | |  2.6

Action                   || total
-------------------------++-------
Melee: Unarmed           ||    52
 Cast: Summon Small Mamm ||   168
       Call Imp          ||    16
  Use: Scroll            ||     5
 Stab: Distracted        ||     1
Armor: Robe              ||    34
Dodge: Dodged            ||   143

Table legend: (Time is in decaauts)
 A = Elapsed time spent in this place.
 B = Non-inter-level travel time spent in this place.
 C = Inter-level travel time spent in this place.
 D = Time resting spent in this place.
 E = Time spent auto-exploring this place.
 F = Levels seen in this place.
 G = Mean time per level.
                   A        B        C        D        E       F      G
               +--------+--------+--------+--------+--------+-----+--------+
         Total |   4287 |   4213 |     74 |    310 |   3100 |   4 | 1071.8 |
       Dungeon |   4287 |   4213 |     74 |    310 |   3100 |   4 | 1071.8 |
               +--------+--------+--------+--------+--------+-----+--------+

Top non-repeatable levels by time:
     D:1: 1753 daAuts
     D:2: 1725 daAuts
     D:3: 746 daAuts
     D:4: 62 daAuts
